 Dungeon Crawl Stone Soup version 0.31-a0-1093-gadecf4124d (webtiles) character file.

Game seed: 3045108167191969084

81 Ivernyr the Trooper (level 4, 0/48 (49) HPs)
             Began as an Ogre Fighter on Nov 29, 2023.
             Slain by Crazy Yiuf
             ... wielding a +3 quarterstaff of chaos
              (1 damage)
             ... on level 2 of the Dungeon.
             The game lasted 00:03:37 (1999 turns).

Ivernyr the Trooper (Ogre Fighter)                  Turns: 1999, Time: 00:03:38

HP:   0/48 (49)     AC:  4    Str: 28    XL:     4   Next: 42%
MP:   0/4           EV:  9    Int:  9    God:
Gold: 82            SH:  7    Dex:  8    Spells: 3/3 levels left

rFire   . . .        a - +0 flail
rCold   . . .        c - +0 kite shield
rNeg    . . .        b - +0 robe
rPois   .            (helmet restricted)
rElec   .            l - +0 cloak
rCorr   .            (gloves unavailable)
SInv    .            (boots unavailable)
Will    .....        (no amulet)
Stlth   +            e - +6 ring of strength
HPRegen 0.28/turn    (no ring)
MPRegen 0.09/turn

%: no passive effects
@: lightly drained
A: large, unfitting armour, tough skin 1
a: no special abilities


You were on level 2 of the Dungeon.
You visited 1 branch of the dungeon, and saw 2 of its levels.

You collected 82 gold pieces.

Inventory:

Hand Weapons
 a - a +0 flail (weapon)
Armour
 b - a +0 robe (worn)
 c - a +0 kite shield (worn)
 l - a +0 cloak (worn)
Jewellery
 e - a +6 ring of strength (left hand)
 k - a ring of ice
Scrolls
 f - 2 scrolls of enchant weapon {unknown}
 g - a scroll of enchant armour {unknown}
 h - a scroll of blinking {unknown}
 i - a scroll of fog {unknown}
 j - a scroll of identify {unknown}
 o - a scroll of teleportation {unknown}
Potions
 d - a potion of might
 m - a potion of lignification {unknown}
 n - a potion of brilliance {unknown}
 p - a potion of degeneration {unknown}
 q - a potion of curing {unknown}


   Skills:
 + Level 4.6 Fighting
 * Level 2.9 Maces & Flails
 + Level 1.1 Armour
 - Level 2.6 Dodging
 + Level 3.5 Shields


You had 3 spell levels left.
You didn't know any spells.
Your spell library was empty.

Dungeon Overview and Level Annotations

Branches:
Dungeon (2/15)

Altars:

Annotations:
D:2 Crazy Yiuf


Innate Abilities, Weirdness & Mutations

You are too large for most types of armour.
You have tough skin. (AC +1)


Message History

The ball python bites you but does no damage.
The ball python bites you.
You closely miss the ball python. The ball python barely misses you. x2
You hit the ball python.
You kill the ball python!
There is an open door here.
Found a stone staircase leading down.
There is a stone staircase leading down here.
There is an open door here.
Crazy Yiuf shouts!
Could not explore, unopened runed door.
As you open the door, it creaks loudly!
You barely miss Crazy Yiuf.
Crazy Yiuf hits you with a +3 quarterstaff of chaos!
You feel your power leaking away.
You barely miss Crazy Yiuf. Crazy Yiuf barely misses you.
Crazy Yiuf hits you with a +3 quarterstaff of chaos!
Crazy Yiuf freezes you.
You completely miss Crazy Yiuf. Crazy Yiuf closely misses you.
You completely miss Crazy Yiuf. You block Crazy Yiuf's attack.
You closely miss Crazy Yiuf.
Crazy Yiuf hits you with a +3 quarterstaff of chaos!
You feel drained.
Crazy Yiuf yells, "Fire action poople!"
You block Crazy Yiuf's attack.
You sock Crazy Yiuf!
Crazy Yiuf is severely wounded.
Crazy Yiuf grits, "Paint action leg!"
You block Crazy Yiuf's attack.
You barely miss Crazy Yiuf.
Crazy Yiuf is severely wounded.
You block Crazy Yiuf's attack.
Crazy Yiuf hits you with a +3 quarterstaff of chaos!
* * * LOW HITPOINT WARNING * * *
You closely miss Crazy Yiuf.
Crazy Yiuf is severely wounded.
Crazy Yiuf hits you with a +3 quarterstaff of chaos!
* * * LOW HITPOINT WARNING * * *
Crazy Yiuf burns you.
You die...

.......##.####.#####..#.###.####.
.####............................
.# #.###.####.###.#..#####.####.
.# #.# ### ### ###### #....# ##
.# ##+#### #....# # .# #.....#
#....#### .# #.....# ###
♣♣##........ .# #.....# #)..#♣♣
♣♣.......#### .# #..(..#
#...g@♣♣♣♣............ .# #.....#
#...#♣..♣..........### .# #.....#
### ♣♣♣.♣............ .# #.....#
♣♣♣♣♣##.....### .###.....#
#.....# .........# ########.....#
#######.## #............# #.#
######.......# #.# #.......#


You could see Crazy Yiuf.

Vanquished Creatures
  Robin (D:2)
  An adder (D:2)
  A worm (D:2)
  6 ball pythons
  3 bats (D:1)
  7 endoplasms
  14 goblins
  6 hobgoblins
  6 kobolds
  A quokka (D:1)
  2 frilled lizards (D:2)
  3 rats
51 creatures vanquished.

Notes
Turn   | Place    | Note
-------+----------+-------------------------------------------
     0 | D:1      | Ivernyr the Ogre Fighter began the quest for the Orb.
     0 | D:1      | Reached XP level 1. HP: 24/24 MP: 1/1
   251 | D:1      | Reached XP level 2. HP: 25/32 MP: 2/2
   564 | D:1      | Reached XP level 3. HP: 40/40 MP: 3/3
  1130 | D:2      | Noticed Robin
  1149 | D:2      | Killed Robin
  1150 | D:2      | Reached skill level 1 in Armour
  1150 | D:2      | Reached XP level 4. HP: 17/49 MP: 4/4
  1754 | D:2      | Found a runed translucent door.
  1755 | D:2      | Noticed Crazy Yiuf
  1999 | D:2      | HP: 1/48 [Crazy Yiuf/+3 quarterstaff of chaos (13)]
  1999 | D:2      | Slain by Crazy Yiuf

Illustrated notes

Levels and vault maps discovered:
D:1:      dpeg_arrival_long_road, layout_basic, kennysheep_crisscross
D:2:      layout_basic, uniq_robin, uniq_crazy_yiuf_cottage

Skill      XL: |  1  2  3 |
---------------+----------+-----
Maces & Flails | 2 |  2.9
Armour         | 1 |  1.1
Fighting       | |  4.6
Dodging        | |  2.6
Shields        | |  3.5

Action                     |  1- 3 |  4- 6 || total
---------------------------+-------+-------++-------
  Melee: Flail             |   117 |    30 ||   147
 Armour: Robe              |   113 |    14 ||   127
  Dodge: Dodged            |    68 |    11 ||    79
  Block: Kite shield       |    63 |     8 ||    71

Table legend: (Time is in decaauts)
 A = Elapsed time spent in this place.
 B = Non-inter-level travel time spent in this place.
 C = Inter-level travel time spent in this place.
 D = Time resting spent in this place.
 E = Time spent auto-exploring this place.
 F = Levels seen in this place.
 G = Mean time per level.
                   A        B        C        D        E       F      G
               +--------+--------+--------+--------+--------+-----+--------+
         Total |   2056 |   2045 |     11 |    144 |   1468 |   2 | 1028.0 |
       Dungeon |   2056 |   2045 |     11 |    144 |   1468 |   2 | 1028.0 |
               +--------+--------+--------+--------+--------+-----+--------+

Top non-repeatable levels by time:
     D:1: 1136 daAuts
     D:2: 919 daAuts
